 Dungeon Crawl Stone Soup version 0.29-a0-834-g1e95ca9f62 (webtiles) character file.

Game seed: 1572194910294705874

585 ICEMaiden the Conjurer (level 7, -4/40 HPs)
             Began as a Deep Elf Conjurer on July 13, 2022.
             Killed from afar by a white imp (10 damage)
             ... with a puff of frost
             ... on level 4 of the Dungeon.
             The game lasted 00:11:35 (4475 turns).

ICEMaiden the Conjurer (Deep Elf Conjurer)          Turns: 4475, Time: 00:11:36

Health: -4/40      AC:  8    Str:  6    XL:     7   Next: 15%
Magic:  2/15       EV: 13    Int: 23    God:
Gold:   215        SH:  9    Dex: 19    Spells: 10/15 levels left

rFire   . . .      SeeInvis .   a - +2 dagger (speed)
rCold   . . .      Faith    .   w - +0 buckler
rNeg    + . .      Spirit   .   B - +2 robe {rN+}
rPois   .          Reflect  +   (no helmet)
rElec   .          Harm     .   q - +0 cloak
rCorr   .          Rampage  .   (no gloves)
Will    .....                   k - +2 pair of boots {Fly}
Stlth   +++.......              s - amulet of reflection
HPRegen 0.13/turn               m - +6 ring of dexterity
MPRegen 0.14/turn               (no ring)

@: flying
A: no striking features
a: no special abilities


You were on level 4 of the Dungeon.
You visited 1 branch of the dungeon, and saw 4 of its levels.

You collected 278 gold pieces.
You spent 63 gold pieces at shops.

Inventory:

Hand Weapons
 a - a +2 dagger of speed (weapon)
Armour
 k - a +2 pair of boots of flying (worn)
 q - a +0 cloak (worn)
 w - a +0 buckler (worn)
 B - a +2 robe of positive energy (worn)
Jewellery
 i - a ring of see invisible
 m - a +6 ring of dexterity (left hand)
 s - an amulet of reflection (around neck)
Scrolls
 d - 4 scrolls of blinking {unknown}
 e - a scroll of enchant weapon {unknown}
 f - a scroll of fear {unknown}
 g - 2 scrolls of enchant armour {unknown}
 h - 3 scrolls of fog
 j - a scroll of brand weapon
 l - 2 scrolls of summoning {unknown}
 o - a scroll of amnesia {unknown}
 r - a scroll of vulnerability {unknown}
 t - 2 scrolls of teleportation {unknown}
 u - 2 scrolls of immolation {unknown}
 y - 2 scrolls of identify
 A - a scroll of poison {unknown}
Potions
 b - a potion of magic
 n - 2 potions of lignification
 p - a potion of attraction
 v - 2 potions of ambrosia {unknown}
 x - 2 potions of curing
 z - 3 potions of might {unknown}


   Skills:
 * Level 2.2 Fighting
 + Level 1.6 Armour
 + Level 4.0 Dodging
 + Level 4.2 Stealth
 + Level 1.2 Shields
 + Level 4.5 Spellcasting
 + Level 5.3 Conjurations
 + Level 2.1 Summonings
 + Level 2.3 Necromancy


You had 10 spell levels left.
You knew the following spells:

 Your Spells              Type           Power      Damage    Failure   Level
a - Searing Ray           Conj           58%        2d6       2%          2
b - Magic Dart            Conj           100%       1d8       1%          1
q - Summon Small Mammal   Summ           56%        N/A       5%          1
s - Necrotise             Necr           64%        1d7       4%          1

Your spell library contained the following spells:

 Spells                   Type           Power      Damage    Failure   Level
 Apportation              Tloc           10%        N/A       13%         1
 Dazzling Flash           Conj/Hex       34%        N/A       13%         3
 Fulminant Prism          Conj/Hex       8%         3d7       41%         4
 Iskenderun's Mystic Bla  Conj/Tloc      17%        2d5       41%         4


Dungeon Overview and Level Annotations

Branches:
Dungeon (4/15)
 Temple: D:4-7

Altars:
Ru

Shops:
D:3 (([([

Annotations:
D:4 exclusion: steam dragon, Sigmund


Message History

Casting: Magic Dart (safe; 1% risk of failure)
Confirm with . or Enter, or press ? or * to list all spells.
Aiming: Necrotise (safe; 4% risk of failure)
Press: ? - help, Shift-Dir - straight line, f - orc
Aim: an orc, wielding a +0 mace and wearing a +0 leather armour (severely wounded, chance to affect: 86%)
The orc writhes in agony.
You kill the orc!
The dead are walking!
You swap places.
The white imp gestures at you. The puff of frost hits you!
Things that are here:
a +0 mace; a +0 leather armour The white imp gestures at you.
The puff of frost hits you!
You hit the white imp.
The white imp is moderately wounded.
Your orc skeleton closely misses the white imp.
Unknown command.
You hit the white imp but do no damage.
The white imp is moderately wounded.
The white imp barely misses you.
Unknown command.
You hit the white imp but do no damage.
The white imp is moderately wounded.
Your orc skeleton completely misses the white imp.
The white imp gestures at you. The puff of frost hits you!
* * * LOW HITPOINT WARNING * * *
Unknown command.
You swap places.
The white imp gestures at you.
The puff of frost hits you but does no damage.
Your orc skeleton misses the white imp.
Things that are here:
a +0 mace; a +0 leather armour The white imp attacks as you move away!
You block the white imp's attack. The white imp gestures at you.
The puff of frost hits you!
You die...

....#'## #.#...
#####...## #.#.####
.###.....## #......#
..#.......## ##..##.##
.#.........####.........
.........).'.....#####.#
#.........####..#
##.......## ##.#
##..[..## #@# #
####...## #)#####.#
#......# #Z5.....#
#.###..###########.####
# #......o..##...#
#..######.o....# #....
#......# ...... #......#
#..#..... ........#


You could see a white imp (ally target) and a friendly orc skeleton.

Vanquished Creatures
  A black bear (D:4)
  A centaur (D:4)
  Blork the orc (D:4)
  A bullfrog (D:4)
  A jelly (D:4)
  2 quasits (D:4)
  A hound (D:4)
  5 adders
  2 shadow imps (D:4)
  3 white imps (D:4)
  2 ufetubi (D:4)
  A worm (D:2)
  2 dart slugs (D:1)
  3 orcs
  6 ball pythons
  7 bats
  3 endoplasms
  8 goblins
  6 hobgoblins
  4 quokkas
  7 frilled lizards
  4 kobolds
  7 rats
78 creatures vanquished.

Vanquished Creatures (others)
  2 demonic plants (D:4)
  4 plants (D:2)
6 creatures vanquished.

Grand Total: 84 creatures vanquished

Notes
Turn   | Place    | Note
-------+----------+-------------------------------------------
     0 | D:1      | ICEMaiden the Deep Elf Conjurer began the quest for the
                  | Orb.
     0 | D:1      | Reached XP level 1. HP: 10/10 MP: 6/6
   354 | D:1      | Reached XP level 2. HP: 15/15 MP: 5/8
  1163 | D:1      | Reached XP level 3. HP: 11/19 MP: 5/10
  1549 | D:2      | Learned a level 1 spell: Necrotise
  1551 | D:2      | Learned a level 1 spell: Summon Small Mammal
  2210 | D:3      | Found Luhatwiq's Weapon Shoppe.
  2265 | D:3      | Found a faded altar of an unknown god.
  2273 | D:3      | Found Doafimut's Antique Armour Shop.
  2307 | D:3      | Found Qafat's Antique Weapon Boutique.
  2338 | D:3      | Reached XP level 4. HP: 21/24 MP: 4/11
  2494 | D:3      | Found Danu's Weapon Emporium.
  2555 | D:3      | Found Qaxu's Armour Shoppe.
  2560 | D:3      | Bought a +0 buckler for 63 gold pieces
  2710 | D:3      | Found a sacrificial altar of Ru.
  3004 | D:4      | Reached skill level 1 in Necromancy
  3106 | D:4      | Noticed a steam dragon
  3161 | D:4      | Noticed Sigmund
  3186 | D:4      | Reached skill level 1 in Summonings
  3234 | D:4      | Noticed a black bear
  3424 | D:4      | Noticed a centaur
  3444 | D:4      | Killed a black bear
  3445 | D:4      | Reached skill level 1 in Fighting
  3445 | D:4      | Reached skill level 1 in Armour
  3445 | D:4      | Reached skill level 5 in Conjurations
  3445 | D:4      | Reached XP level 5. HP: 15/29 MP: 3/13
  3605 | D:4      | Learned a level 2 spell: Searing Ray
  3616 | D:4      | Killed a centaur
  3617 | D:4      | Reached XP level 6. HP: 34/34 MP: 7/14
  3951 | D:4      | Reached skill level 1 in Shields
  4017 | D:4      | Noticed Blork the orc
  4372 | D:4      | Killed Blork the orc
  4373 | D:4      | Reached XP level 7. HP: 40/40 MP: 1/15
  4475 | D:4      | Killed from afar by a white imp

Illustrated notes

Levels and vault maps discovered:
D:1:      dpeg_arrival_rhombi, layout_basic, hangedman_decor_opposing,
          hangedman_decor_push, minmay_tetromino_i4
D:2:      layout_rooms, serial_bayou, serial_bayou_lagoon_a,
          serial_bayou_pond_c, serial_bayou_ford_a, serial_bayou_pond_c,
          serial_bayou_shore_a
D:3:      layout_rooms, marbit_many_paths, shapermc_ecumenical_altar_venn,
          serial_shops, nicolae_shop_hallway_plus, shop,
          nicolae_shop_bloodbath_and_beyond, nicolae_shop_crystal,
          nicolae_shop_advertising_works [nicolae_subvault_shop_adworks],
          minmay_misc_feat_doors, chequers_mini_garden
D:4:      layout_loops_corners, gammafunk_temple_overflow_wave, serial_demonic,
          serial_demonic_a, serial_demonic_b, serial_demonic_a,
          serial_demonic_f, serial_demonic_e, serial_demonic_f, minmay_bent,
          uniq_blork_the_orc, uniq_ijyb, uniq_sigmund

Skill      XL: |  1  2  3  4  5  6 |
---------------+-------------------+-----
Stealth        | 3 4 |  4.2
Dodging        | 3 4 |  4.0
Necromancy     | 1 2 |  2.3
Summonings     | 1 2 |  2.1
Fighting       | 1 2 |  2.2
Armour         | 1 |  1.6
Spellcasting   | 4 |  4.5
Conjurations   | 5 |  5.3
Shields        | 1 |  1.2

Action                   |  1- 3 |  4- 6 |  7- 9 || total
-------------------------+-------+-------+-------++-------
Melee: Short sword       |     2 |       |       ||     2
       Dagger            |       |     8 |    18 ||    26
 Cast: Magic Dart        |    83 |    51 |    10 ||   144
       Necrotise         |    15 |    15 |     1 ||    31
       Searing Ray       |       |     7 |       ||     7
       Summon Small Mamm |       |       |     1 ||     1
  Use: Scroll            |       |     6 |       ||     6
       Potion            |       |     1 |       ||     1
Armor: Robe              |    10 |    14 |     7 ||    31
Dodge: Dodged            |    15 |    29 |     8 ||    52
Block: Other             |     2 |     9 |       ||    11
       Buckler           |       |       |    11 ||    11
       Reflection        |       |       |     1 ||     1

Table legend: (Time is in decaauts)
 A = Elapsed time spent in this place.
 B = Non-inter-level travel time spent in this place.
 C = Inter-level travel time spent in this place.
 D = Time resting spent in this place.
 E = Time spent auto-exploring this place.
 F = Levels seen in this place.
 G = Mean time per level.
                   A        B        C        D        E       F      G
               +--------+--------+--------+--------+--------+-----+--------+
         Total |   4450 |   4205 |    245 |    653 |   2922 |   4 | 1112.5 |
       Dungeon |   4450 |   4205 |    245 |    653 |   2922 |   4 | 1112.5 |
               +--------+--------+--------+--------+--------+-----+--------+

Top non-repeatable levels by time:
     D:4: 1386 daAuts
     D:1: 1351 daAuts
     D:2: 861 daAuts
     D:3: 852 daAuts
